 Dungeon Crawl Stone Soup version 0.26.0-10-g1f06aea511 (webtiles) character file.

Game seed: 15208612424490437536

512 tsouns the Chiller (level 7, 0/36 HPs)
             Began as a Tengu Ice Elementalist on Jan 18, 2021.
             Slain by a phantom (9 damage)
             ... on level 4 of the Dungeon.
             The game lasted 00:07:46 (4734 turns).

tsouns the Chiller (Tengu Ice Elementalist)         Turns: 4734, Time: 00:07:47

Health: 0/36       AC:  2    Str:  9    XL:     7   Next: 19%
Magic:  14/14      EV: 15    Int: 17    God:
Gold:   194        SH:  0    Dex: 14    Spells: 7/14 levels left

rFire    x . .     SeeInvis +   q - +0 trident
rCold    + . .     Faith    .   (no shield)
rNeg     . . .     Spirit   .   a - +0 robe
rPois    .         Reflect  .   (helmet restricted)
rElec    .         Harm     .   (no cloak)
rCorr    .         Rampage  .   (no gloves)
Will     .....                  (boots unavailable)
Stlth    ++........             (no amulet)
HPRegen  0.12/turn              f - ring of ice
MPRegen  0.14/turn              i - ring of see invisible

@: flying quickly and evasively, quick
A: beak, talons 3, able to fly
a: Stop Flying


You were on level 4 of the Dungeon.
You visited 1 branch of the dungeon, and saw 4 of its levels.

You collected 194 gold pieces.

Inventory:

Hand Weapons
 d - a +0 spear
 q - a +0 trident (weapon)
Missiles
 s - 24 poisoned darts
Armour
 a - a +0 robe (worn)
Jewellery
 f - a ring of ice (left hand)
 i - a ring of see invisible (right hand)
 r - an uncursed amulet of magic regeneration
Wands
 c - a wand of random effects (18)
Scrolls
 g - 2 scrolls of blinking
 j - 3 scrolls of fog {unknown}
 k - 2 scrolls of remove curse
Potions
 b - 3 potions of curing
 e - a potion of degeneration {unknown}
 h - a potion of berserk rage {unknown}
 l - a potion of lignification {unknown}
 m - a potion of invisibility {unknown}
 n - 2 potions of resistance {unknown}
 o - 2 potions of attraction {unknown}
 p - a potion of might {unknown}


   Skills:
 + Level 4.2 Polearms
 - Level 2.1 Dodging
 - Level 2.0 Stealth
 + Level 4.3 Spellcasting
 + Level 5.3 Ice Magic


You had 7 spell levels left.
You knew the following spells:

 Your Spells              Type           Power        Failure   Level
a - Freeze                Ice            100%         1%          1
b - Frozen Ramparts       Ice            64%          4%          3
c - Ozocubu's Armour      Ice            32%          4%          3

Your spell library contained the following spells:

 Spells                   Type           Power        Failure   Level
 Hailstorm                Conj/Ice       19%          45%         4
 Summon Ice Beast         Ice/Summ       19%          45%         4


Dungeon Overview and Level Annotations

Branches:
Dungeon (4/15)
 Temple: D:4-7

Altars:
Elyvilon


Innate Abilities, Weirdness & Mutations

You have a beak for a mouth.
You have claws for feet.
You can fly continuously.


Message History

You miss the phantom. Your kick misses the phantom.
The phantom is heavily damaged.
The phantom completely misses you.
The phantom blinks!
You reach to attack!
You puncture the phantom!
The phantom is severely damaged.
The phantom hits you!
You are too injured to fight recklessly!
You are too injured to fight recklessly!
You are too injured to fight recklessly!
You hit the phantom.
The phantom is severely damaged.
The phantom closely misses you.
You miss the phantom.
The phantom is heavily damaged.
The phantom hits you!
* * * LOW HITPOINT WARNING * * *
You closely miss the phantom. Your peck misses the phantom.
The phantom is heavily damaged.
The phantom hits you!
You die...

...........# #### ##
+##.....##<....# .#
+.......##.....# .#
####....##.....# ♣#
.####....##.....# ♣#
...........#.....# .####
..#######....#..####.##
♣P♣.### #....##........
♣♣.PPP# #.@..##.# #.###
..#P♣P.# #.W..##.## #...
.####P.########........#
#..# .♣.##
#P...#......####.# #..#
)...## .♣......(..#
#.###..# ### ♣)(..#
####.....## #..##..# #..
♣♣.((♣### #.....#
##.....# #.. #♣♣)♣♣P#
#.....# #.##.####..
♣.).P####(....#
#..#.###...


You could see a phantom.

Vanquished Creatures
  Sigmund (D:3)
  A big kobold (D:4)
  A hound (D:4)
  An orc priest (D:3)
  2 orc wizards (D:3)
  5 adders
  3 oozes
  3 worms (D:3)
  2 dart slugs
  A leopard gecko (D:1)
  12 orcs
  A ball python (D:3)
  6 bats
  4 giant cockroaches
  A goblin (D:1)
  10 hobgoblins
  6 jackals
  23 kobolds
  6 frilled lizards
  A jackal skeleton (D:4)
  7 rats
97 creatures vanquished.

Vanquished Creatures (others)
  39 plants
39 creatures vanquished.

Grand Total: 136 creatures vanquished

Notes
Turn   | Place    | Note
-------+----------+-------------------------------------------
     0 | D:1      | tsouns the Tengu Ice Elementalist began the quest for the
                  | Orb.
     0 | D:1      | Reached XP level 1. HP: 10/10 MP: 4/4
   297 | D:1      | Reached XP level 2. HP: 15/15 MP: 4/6
  1064 | D:1      | Reached skill level 1 in Polearms
  1064 | D:1      | Reached skill level 4 in Ice Magic
  1064 | D:1      | Reached XP level 3. HP: 19/19 MP: 7/7
  1190 | D:2      | Learned a level 3 spell: Frozen Ramparts
  1194 | D:2      | Learned a level 3 spell: Ozocubu's Armour
  1993 | D:3      | Reached XP level 4. HP: 15/24 MP: 5/9
  2276 | D:3      | HP: 1/24 [orc/+0 morningstar (9)]
  2690 | D:3      | Gained mutation: You can fly continuously. [Tengu growth]
  2690 | D:3      | Reached XP level 5. HP: 26/28 MP: 7/10
  3122 | D:3      | Found a white marble altar of Elyvilon.
  3284 | D:3      | Noticed Sigmund
  3296 | D:3      | Killed Sigmund
  3297 | D:3      | Reached skill level 5 in Ice Magic
  3297 | D:3      | Reached XP level 6. HP: 15/32 MP: 5/12
  4276 | D:4      | Reached XP level 7. HP: 36/36 MP: 8/14
  4734 | D:4      | Slain by a phantom

Illustrated notes

Levels and vault maps discovered:
D:1:      tarquinn_simple_flora_water_b, layout_basic
D:2:      layout_loops_cross, st_stairs_6
D:3:      layout_basic, lemuel_crystal_altar, serial_bayou_pond_a, uniq_sigmund
D:4:      kennysheep_kobold_camp, layout_basic, nzn_hepliaklqana_mist_gate,
          grunt_temple_overflow_open, minivault_23

Skill      XL: |  1  2  3  4  5  6 |
---------------+-------------------+-----
Polearms       | 1 2 3 4 |  4.2
Ice Magic      | 4 5 |  5.3
Spellcasting   | 3 4 |  4.3
Dodging        | |  2.1
Stealth        | |  2.0

Action                   |  1- 3 |  4- 6 |  7- 9 || total
-------------------------+-------+-------+-------++-------
Melee: Unarmed           |     1 |       |       ||     1
       Spear             |    27 |    33 |       ||    60
       Kick              |     3 |     5 |     1 ||     9
       Peck              |     3 |       |     1 ||     4
       Trident           |       |    20 |    15 ||    35
 Cast: Freeze            |    46 |    67 |    10 ||   123
       Frozen Ramparts   |       |     6 |     3 ||     9
       Ozocubu's Armour  |       |     1 |       ||     1
 Abil: Fly               |       |     1 |       ||     1
  Use: Scroll            |       |     6 |       ||     6
       Potion            |       |     1 |       ||     1
 Stab: Sleeping          |     8 |     6 |       ||    14
       Distracted        |       |     1 |       ||     1
Armor: Robe              |     6 |     5 |     1 ||    12
Dodge: Dodged            |    25 |    45 |    21 ||    91
